 Dungeon Crawl Stone Soup version 0.19.5 (webtiles) character file.

65 JeffiDaFish the Grave Robber (level 3, -1/24 HPs)
             Began as a Mummy Necromancer on Mar 7, 2017.
             Slain by a centaur (2 damage)
             ... on level 3 of the Dungeon.
             The game lasted 00:08:05 (1856 turns).

JeffiDaFish the Grave Robber (Mummy Necromancer)    Turns: 1856, Time: 00:08:06

Health: -1/24      AC:  6    Str: 11    XL:     3   Next: 94%
Magic:  1/6        EV: 10    Int: 14    God:
Gold:   62         SH:  0    Dex: 13    Spells: 2 memorised, 4 levels left

rFire  x . .     SeeInvis .     h - +0 mace
rCold  + . .     Gourm    .     e - +0 ring mail
rNeg   + + +     Faith    .     (no shield)
rPois  ∞         Spirit   .     (no helmet)
rElec  .         Reflect  .     (no cloak)
rCorr  .         Harm     .     (no gloves)
MR     .....     Rnd*Tele +     d - +0 pair of boots
Stlth  +.........               (no amulet)
                                (no ring)
                                c - ring of teleportation

@: no status effects
A: no food or potions, fire vulnerability, cold resistance 1, negative energy
resistance 3, torment resistance, unbreathing
a: no special abilities


You were on level 3 of the Dungeon.
You were not hungry.

You visited 1 branch of the dungeon, and saw 3 of its levels.

You collected 62 gold pieces.

Inventory:

Hand Weapons
 a - a +0 dagger
 h - a +0 mace (weapon)
Armour
 d - a +0 pair of boots (worn)
 e - a +0 ring mail (worn)
Jewellery
 c - a ring of teleportation (left hand)
Scrolls
 f - a scroll of teleportation
 g - a scroll of identify
Books
 b - a book of Necromancy

   Spells                             Type                      Level
   a - Pain                           Necromancy                   1
   b - Animate Skeleton               Necromancy                   1
   c - Vampiric Draining              Necromancy                   3
   d - Regeneration                   Charms/Necromancy            3
   e - Animate Dead                   Necromancy                   4
   f - Control Undead                 Necromancy                   4
 i - a book of Misfortune

   Spells                             Type                      Level
   a - Confusing Touch                Hexes                        1
   b - Confuse                        Hexes                        3
   c - Gell's Gravitas                Hexes/Translocation          3
   d - Petrify                        Transmutation/Earth          4
   e - Metabolic Englaciation         Hexes/Ice                    5
   f - Yara's Violent Unravelling     Hexes/Transmutation          5


   Skills:
 + Level 0.2 Fighting
 + Level 0.1 Maces & Flails
 + Level 0.7 Armour
 + Level 1.8 Dodging
 + Level 1.6 Stealth
 + Level 2.3 Spellcasting
 + Level 4.9 Necromancy


You had 4 spell levels left.
You knew the following spells:

 Your Spells              Type           Power        Failure   Level  Hunger
a - Pain                  Necr           ###.         10%         1    N/A
b - Animate Skeleton      Necr           N/A          10%         1    N/A

Dungeon Overview and Level Annotations

Branches:
Dungeon (3/15)

Altars:


Innate Abilities, Weirdness & Mutations

You do not eat or drink.
Your flesh is vulnerable to fire.
You are immune to poison.
Your flesh is cold resistant. (rC+)
You are immune to negative energy. (rN+++)
You are immune to unholy pain and torment.
You can survive without breathing.


Message History

Press: ? - help, Shift-Dir - straight line, f/p - centaur
Aim: a centaur, wielding a shortbow (severely wounded, chance to defeat MR: 73%)
The giant cockroach writhes in agony!
You kill the giant cockroach!
The centaur shoots an arrow.
The arrow hits you.
* * * LOW HITPOINT WARNING * * *
Casting: Pain
Confirm with . or Enter, or press ? or * to list all spells.
Aiming: Pain
Press: ? - help, Shift-Dir - straight line, f/p - centaur
Aim: a centaur, wielding a shortbow (severely wounded, chance to defeat MR: 73%)
The centaur struggles to resist.
The centaur shoots an arrow.
The arrow closely misses you.
The centaur unwields an uncursed shortbow.
The centaur closely misses you. The centaur hits you.
* * * LOW HITPOINT WARNING * * *
You barely miss the centaur.
The centaur is severely wounded.
The centaur hits you.
You die...

# +. #.. ###
#... #.! #....
#.#
#.....#####..#.#
.....)c@(.((.(.#
#.(#.#.###.#####
#. #.# #. #.#
..#.#.###.#
..........#
####.#.#######
#.#<.......
#########


You could see a centaur.

Vanquished Creatures
  2 adders (D:2)
  An ooze (D:2)
  A dart slug (D:1)
  3 leopard geckos
  5 giant cockroaches
  4 goblins
  5 hobgoblins
  A jackal (D:2)
  7 bats
  A frilled lizard (D:1)
  4 kobolds (D:2)
  2 rats
36 creatures vanquished.

Vanquished Creatures (collateral kills)
  An ooze (D:2)
  A kobold (D:1)
  A rat (D:2)
3 creatures vanquished.

Grand Total: 39 creatures vanquished

Notes
Turn   | Place    | Note
-------+----------+-------------------------------------------
     0 | D:1      | JeffiDaFish the Mummy Necromancer began the quest for the Orb.
     0 | D:1      | Reached XP level 1. HP: 13/13 MP: 3/3
    96 | D:1      | Learned a level 1 spell: Animate Skeleton
   357 | D:1      | Reached XP level 2. HP: 9/19 MP: 3/5
  1133 | D:2      | Reached XP level 3. HP: 13/24 MP: 3/6
  1839 | D:3      | Noticed a centaur
  1855 | D:3      | HP: 1/24 [centaur (2)]
  1856 | D:3      | Slain by a centaur

Action                   || total
-------------------------++-------
Melee: Unarmed           ||    30
       Dagger            ||    21
       Mace              ||    41
 Cast: Pain              ||    50
       Animate Skeleton  ||    16
  Use: Scroll            ||     4
Armor: Ring mail         ||    55
       Robe              ||     2
Dodge: Dodged            ||    80
